 Dungeon Crawl Stone Soup version 0.31-a0-1-g4198be8af4 (webtiles) character file.

Game seed: 6198003215315998970

229 Jarnaxa the Slasher (level 5, -1/70 HPs)
             Began as a Draconian Berserker on May 2, 2023.
             Was a Believer of Trog.
             Succumbed to a gnoll's poison
             ... on level 3 of the Dungeon.
             The game lasted 00:03:19 (2154 turns).

Jarnaxa the Slasher (Draconian Berserker)           Turns: 2154, Time: 00:03:20

Health: -1/70      AC:  5    Str: 21    XL:     5   Next: 71%
Magic:  5/5        EV: 12    Int:  7    God:    Trog [**....]
Gold:   122        SH:  0    Dex: 11    Spells: 4/4 levels left

rFire   . . .        a - +0 falchion
rCold   . . .        (no shield)
rNeg    . . .        (body armour unavailable)
rPois   .            (helmet restricted)
rElec   .            (no cloak)
rCorr   .            (no gloves)
SInv    .            (no boots)
Will    .....        (no amulet) Stlth
                     (no ring)
HPRegen 0.31/turn    (no ring)
MPRegen 0.09/turn

%: no passive effects
@: berserking, lethally poisoned (-1 -> -14), very quick
A: AC +5, unfitting armour, cold-blooded
a: Renounce Religion, Berserk, Trog's Hand


You were on level 3 of the Dungeon.
You worshipped Trog.
Trog was pleased with you.
You visited 1 branch of the dungeon, and saw 3 of its levels.

You collected 177 gold pieces.
You spent 55 gold pieces at shops.

Inventory:

Hand Weapons
 a - a +0 falchion (weapon)
Scrolls
 b - 3 scrolls of identify
 d - 2 scrolls of enchant armour
Potions
 c - 2 potions of attraction {unknown}
 f - 2 potions of curing {unknown}
 g - a potion of mutation {unknown}
 h - a potion of heal wounds
 i - a potion of degeneration {unknown}
 j - a potion of flight {unknown}


   Skills:
 + Level 4.5 Fighting
 + Level 5.0 Long Blades
 + Level 3.4 Dodging
 + Level 1.3 Stealth


You had 4 spell levels left.
You didn't know any spells.
Your spell library was empty.

Dungeon Overview and Level Annotations

Branches:
Dungeon (3/15)

Altars:

Shops:
D:1 !


Innate Abilities, Weirdness & Mutations

Your plain brown scales are hard. (AC +5)
You cannot fit into any form of body armour.
You are cold-blooded and may be slowed by cold attacks.


Message History

You closely miss the gnoll.
You feel very sick.
The gnoll shouts!
The gnoll hits you with a +2 flail of venom.
You hit the gnoll but do no damage.
You feel very sick.
A gnoll comes into view. It is wielding a +0 halberd.
The gnoll hits you with a +2 flail of venom!
You are more poisoned.
You closely miss the gnoll. You tail-slap the gnoll.
The gnoll is lightly wounded.
You feel very sick.
A gnoll comes into view. It is wielding a +0 whip.
The gnoll hits you with a +2 flail of venom!
* * * LOW HITPOINT WARNING * * *
You are more poisoned.
A red film seems to cover your vision as you go berserk!
You feel yourself moving faster!
You feel mighty!
* * * LOW HITPOINT WARNING * * *
You feel extremely sick.
The gnoll shouts!
The gnoll closely misses you.
You hit the gnoll.
The gnoll is heavily wounded.
* * * LOW HITPOINT WARNING * * *
You feel very sick. The gnoll barely misses you.
You slash the gnoll!
You kill the gnoll!
Trog accepts your kill.
* * * LOW HITPOINT WARNING * * *
You feel very sick.
Your Long Blades skill increases to level 5!
You barely miss the gnoll.
* * * LOW HITPOINT WARNING * * *
You feel sick.
You slash the gnoll! You tail-slap the gnoll.
You kill the gnoll!
Trog accepts your kill.
You die...

#.. #.....# ###
#.###.# #.....#
.##### #....##
......
####.####
......####....#
............###
............#
....g.)@....#
...g........#
...##....:..# .
.........#
########+##


You could see 2 gnolls.

Vanquished Creatures
  Sigmund (D:2)
  2 gnolls (D:3)
  3 adders
  3 ball pythons
  6 endoplasms
  3 goblins
  6 hobgoblins
  2 quokkas (D:1)
  3 bats
  4 frilled lizards
  4 kobolds (D:1)
  7 rats
44 creatures vanquished.

Notes
Turn   | Place    | Note
-------+----------+-------------------------------------------
     0 | D:1      | Jarnaxa the Draconian Berserker began the quest for the
                  | Orb.
     0 | D:1      | Reached XP level 1. HP: 19/19 MP: 1/1
   222 | D:1      | Reached XP level 2. HP: 21/26 MP: 2/2
   441 | D:1      | Found Focyi's Distillery.
   474 | D:1      | Bought a potion of heal wounds for 55 gold pieces
   951 | D:1      | Reached ** piety under Trog
  1199 | D:2      | Reached XP level 3. HP: 22/33 MP: 3/3
  1283 | D:2      | Noticed Sigmund
  1295 | D:2      | Killed Sigmund
  1296 | D:2      | Reached skill level 4 in Long Blades
  1296 | D:2      | Reached skill level 1 in Stealth
  1296 | D:2      | Reached XP level 4. HP: 41/41 MP: 4/4
  1296 | D:2      | Reached XP level 5. HP: 47/47 MP: 5/5
  1391 | D:2      | You fall into a shaft and drop 1 floor!
  1886 | D:2      | Identified the +0 plate armour "Yler" {*Slow rF+ rN+}
  2153 | D:3      | Reached skill level 5 in Long Blades
  2153 | D:3      | HP: 2/70 [poisoned by a gnoll]
  2154 | D:3      | Succumbed to a gnoll's poison

Illustrated notes

Levels and vault maps discovered:
D:1:      dpeg_arrival_ratfight, layout_basic, serial_shops,
          nicolae_shop_industrial_runoff, nicolae_titane
D:2:      layout_basic, kennysheep_generic_room_13, uniq_sigmund
D:3:      layout_basic, mainiacjoe_overflow_alcove_4,
          shapermc_ecumenical_altar_venn

Skill      XL: |  1  2  3  4  5 |
---------------+----------------+-----
Dodging        | 3 |  3.4
Fighting       | 4 |  4.5
Long Blades    | 4 5 |  5.0
Stealth        | 1 |  1.3

Action                     |  1- 3 |  4- 6 || total
---------------------------+-------+-------++-------
  Melee: Falchion          |    92 |    46 ||   138
         Tailslap          |    10 |     4 ||    14
         Punch             |     1 |       ||     1
 Invoke: Berserk           |     1 |     2 ||     3
    Use: Scroll            |       |     2 ||     2
   Stab: Sleeping          |     1 |     1 ||     2
 Armour: Skin              |    38 |    11 ||    49
  Dodge: Dodged            |    66 |    33 ||    99

Table legend: (Time is in decaauts)
 A = Elapsed time spent in this place.
 B = Non-inter-level travel time spent in this place.
 C = Inter-level travel time spent in this place.
 D = Time resting spent in this place.
 E = Time spent auto-exploring this place.
 F = Levels seen in this place.
 G = Mean time per level.
                   A        B        C        D        E       F      G
               +--------+--------+--------+--------+--------+-----+--------+
         Total |   2183 |   2117 |     66 |      0 |   1720 |   3 |  727.7 |
       Dungeon |   2183 |   2117 |     66 |      0 |   1720 |   3 |  727.7 |
               +--------+--------+--------+--------+--------+-----+--------+

Top non-repeatable levels by time:
     D:1: 1139 daAuts
     D:2: 755 daAuts
     D:3: 288 daAuts
